 Dungeon Crawl Stone Soup version 0.18-a0-990-g74cdb39 (webtiles) character file.

148 Leszczynek the Gusty (level 5, -4/28 HPs)
             Began as a Tengu Air Elementalist on Jan 4, 2016.
             Slain by a giant frog (7 damage)
             ... in a sewer.
             The game lasted 00:13:29 (3209 turns).

Leszczynek the Gusty (Tengu Air Elementalist)       Turns: 3209, Time: 00:13:29

Health: -4/28      AC:  4    Str:  9    XL:     5   Next: 30%
Magic:  0/9        EV: 12    Int: 15    God:
Gold:   132        SH:  0    Dex: 15    Spells: 2 memorised, 4 levels left

rFire  . . .     SeeInvis .     s - +0 rapier
rCold  . . .     Gourm    .     a - +0 robe
rNeg   . . .     Faith    .     (no shield)
rPois  .         Spirit   .     (helmet restricted)
rElec  .         Dismiss  .     (no cloak)
rCorr  .         Reflect  .     n - +1 pair of gloves
SustAt .         Harm     .     (boots unavailable)
MR     .....                    (no amulet)
Stlth  ++........               (no ring)
                                (no ring)

@: not resistant to hostile enchantments, unstealthy
A: beak, talons 3, able to fly 1
a: Fly


You were in a sewer.
You were hungry.

You visited 1 branch of the dungeon, and saw 3 of its levels.
You also visited: Sewer.

You collected 132 gold pieces.

Inventory:

Hand Weapons
 s - a +0 rapier (weapon)
Missiles
 l - 4 needles of confusion
 o - 11 poisoned needles
Armour
 a - a +0 robe (worn)
 n - a +1 pair of gloves (worn)
Jewellery
 h - an uncursed ring of sustain attributes {unknown}
 k - a cursed -3 ring of slaying {unknown}
Scrolls
 d - a scroll of fear {unknown}
 g - a scroll of magic mapping {unknown}
 i - 3 scrolls of recharging {unknown}
 j - 3 scrolls of identify {unknown}
 t - a scroll of amnesia {unknown}
 u - a scroll of remove curse {unknown}
Potions
 e - a potion of haste {unknown}
 m - a potion of might {unknown}
 q - a potion of curing {unknown}
Books
 b - a book of Air

   Spells                             Type                      Level
   a - Shock                          Conjuration/Air              1
   b - Swiftness                      Charms/Air                   2
   c - Repel Missiles                 Charms/Air                   2
   d - Static Discharge               Conjuration/Air              3
   e - Lightning Bolt                 Conjuration/Air              5
Comestibles
 c - 5 bread rations
 f - a slice of pizza
 p - 3 meat rations
 r - 12 chunks of flesh


   Skills:
 - Level 2.1 Dodging
 - Level 2.0 Stealth
 - Level 2.0 Spellcasting
 - Level 4.0 Conjurations
 + Level 6.6 Air Magic


You had 4 spell levels left.
You knew the following spells:

 Your Spells              Type           Power        Failure   Level  Hunger
a - Shock                 Conj/Air       ###.         2%          1    #......
b - Static Discharge      Conj/Air       ###.....     10%         3    ###....


Dungeon Overview and Level Annotations

Branches:
Dungeon (3/15)

Altars:
Ru


Innate Abilities, Weirdness & Mutations

You have a beak for a mouth.
You have claws for feet.
You can fly.


Message History

The lightning arcs!
You are struck by lightning.
The lightning grounds out.
You are feeling hungry.
The giant frog hits you. The giant frog completely misses you.
Casting: Static Discharge
Confirm with . or Enter, or press ? or * to list all spells.
The giant frog is struck by lightning.
The giant frog is severely wounded.
The lightning arcs!
The giant frog is struck by lightning.
The giant frog is lightly wounded.
The lightning grounds out.
The giant frog barely misses you. The giant frog hits you.
The giant frog misses you.
Unknown command.
Unknown command.
Unknown command.
You hit the giant frog.
The giant frog is almost dead.
The giant frog hits you! x2
* * * LOW HITPOINT WARNING * * *
The giant frog hits you!
You die...

#.# ≈≈≈≈≈≈≈.≈≈≈.# #.#
#.# #≈≈≈≈≈≈≈≈≈≈≈.≈≈≈.#
#.# #.#
≈≈≈≈≈..≈≈≈≈≈.≈≈≈.# #∩#
#.# ≈≈≈≈≈.$≈≈≈≈≈≈≈≈≈.#
#.# #.#
≈≈≈≈.%(?.≈≈≈≈≈≈≈.# #∩#
#.# #≈≈≈≈≈.(≈≈≈≈≈≈≈≈≈.#
#.# #.#
#≈≈≈≈≈.≈≈.≈≈≈≈≈≈≈.# ###
#.# #≈≈≈≈≈.F≈≈≈≈≈≈≈≈≈.#
#≈# #≈≈≈.≈F@≈≈≈≈≈≈≈≈.#
#≈# #≈≈∩.≈.≈≈≈≈≈≈≈≈≈.#
#≈# #≈≈≈≈≈≈≈≈≈≈≈≈≈≈≈.#
#≈# ##≈≈≈≈≈≈≈≈≈≈≈≈≈≈.#
#.# #≈≈≈≈≈≈≈≈≈≈≈≈≈≈.#
#≈# ##≈≈≈≈≈≈≈≈≈.≈≈≈.#
#≈########≈≈≈≈≈≈≈≈.≈≈≈.#
#≈≈≈≈.≈≈≈≈≈≈≈≈≈≈..≈≈≈≈.#
#.≈≈≈≈≈≈≈≈≈≈≈≈≈≈≈≈≈≈≈≈.#


You could see 2 giant frogs.

Vanquished Creatures
  An orc wizard (D:2)
  2 adders
  2 worms (D:2)
  10 giant geckos
  8 giant cockroaches
  12 goblins
  6 hobgoblins
  4 jackals (D:2)
  9 kobolds
  A quokka (D:1)
  4 ball pythons
  9 bats
  6 giant newts
  9 rats
83 creatures vanquished.

Notes
Turn   | Place    | Note
--------------------------------------------------------------
     0 | D:1      | Leszczynek the Tengu Air Elementalist began the quest for the Orb.
     0 | D:1      | Reached XP level 1. HP: 10/10 MP: 4/4
   155 | D:1      | Reached XP level 2. HP: 15/15 MP: 3/6
   896 | D:1      | Reached XP level 3. HP: 19/19 MP: 2/7
  1154 | D:1      | Learned a level 3 spell: Static Discharge
  1617 | D:2      | Found a sacrificial altar of Ru.
  1626 | D:2      | Reached skill level 5 in Air Magic
  1626 | D:2      | Reached XP level 4. HP: 21/24 MP: 2/8
  1806 | D:2      | Found a faded altar to an unknown god.
  2378 | D:3      | Reached skill level 6 in Air Magic
  2507 | D:3      | Found a glowing drain.
  2515 | Sewer    | Entered a sewer
  2524 | Sewer    | Gained mutation: You can fly. [Tengu growth]
  2524 | Sewer    | Reached XP level 5. HP: 26/28 MP: 7/9
  3209 | Sewer    | Slain by a giant frog

Vault maps used:
D:1:      elethiomel_arrival_maze
D:2:      ecumenical_altar_1, nicolae_ru_great_annihilating_truth
D:3:      gup_sewer_entry_spiral
Sewer:    sewer_frog_island_01

Action                   |  1- 3 |  4- 6 || total
-------------------------+-------+-------++-------
Melee: Unarmed           |     2 |       ||     2
       Dagger            |     4 |       ||     4
       Rapier            |       |    38 ||    38
 Cast: Shock             |    66 |    55 ||   121
       Static Discharge  |     1 |     5 ||     6
 Stab: Sleeping          |       |     2 ||     2
  Eat: Chunk             |     3 |     7 ||    10
